AoeStats
← Scrapycoco77700

African Clearing

505998229Analyzed
4v4 RM · 21d ago on Sep 12, 2026· 49m 50s· 8 players
Game mode
Random Map
Map size
Large (8 player)
Population
200
Speed
Normal
Resources
Standard
Victory
Conquest
Starting age
Dark Age
Ending age
Imperial Age
RankedLock teamsTeams togetherTeam positionsShared explorationLock speedFull tech treeHidden civsTurbo modeCheats
Victory
Defeat
🇬🇷 Byzantines · Greece
717
+6
🇧🇷 Persians · Brazil
712
+6
🇧🇷 Mongols · Brazil
467
+14
🇹🇷 Dravidians · Türkiye
434
+15
🇺🇸 Romans · United States
487
-13
🇲🇽 Khmer · Mexico
457
-10
456
-10
🇲🇽 Vikings · Mexico
389
-8
vwSUBLiMiNALwv
9:37 Loom
15:36 Feudal Age
16:56 Wheelbarrow
16:11 Double-Bit Axe
21:48 Bloodlines
22:53 Gold Mining
23:43 Horse Collar
28:31 Scale Barding Armor
28:37 Forging
28:38 Scale Mail Armor
29:01 Man-at-Arms
31:37 Stone Mining
38:39 Castle Age
38:41 Pikeman
38:43 Long Swordsman
40:04 Chain Mail Armor
41:30 Squires
xPegasusOGx
19:26 Feudal Age
20:06 Horse Collar
26:39 Man-at-Arms
36:36 Castle Age
40:13 Loom
41:33 Heavy Plow
42:01 Scale Mail Armor
46:14 Pikeman
GAMOX | Survival Zombie
7:21 Loom
28:21 Feudal Age
42:14 Feudal Age
42:42 Town Watch
43:33 Wheelbarrow
Scrapycoco77700
6:32 Loom
21:21 Feudal Age
22:56 Double-Bit Axe
24:24 Wheelbarrow
23:38 Man-at-Arms
24:05 Arson
26:06 Stone Mining
26:58 Horse Collar
27:52 Gold Mining
34:51 Castle Age
34:43 Forging
34:24 Fletching
34:35 Padded Archer Armor
34:35 Scale Mail Armor
34:43 Scale Barding Armor
37:53 Hand Cart
42:20 Heavy Plow
41:45 Long Swordsman
41:46 Pikeman
42:33 Husbandry
44:24 Elite Skirmisher
45:52 Bow Saw
45:58 Masonry
45:44 Murder Holes
46:00 Fortified Wall
46:33 Ballistics
49:46 Imperial Age
47:59 Town Watch
Carpeado BR
8:12 Loom
15:37 Feudal Age
17:01 Fletching
17:20 Double-Bit Axe
17:20 Horse Collar
18:40 Town Watch
22:23 Bloodlines
28:24 Castle Age
26:55 Gold Mining
26:56 Stone Mining
28:10 Scale Barding Armor
28:16 Forging
28:58 Husbandry
32:12 Iron Casting
32:00 Chain Barding Armor
32:17 Iron Casting
31:39 Bodkin Arrow
50:21 Gold Shaft Mining
VTCachorrao
10:42 Loom
15:32 Feudal Age
17:03 Double-Bit Axe
23:50 Castle Age
21:44 Gold Mining
21:45 Stone Mining
27:47 Bow Saw
28:25 Wheelbarrow
28:31 Fervor
37:28 Caravan
38:25 Hand Cart
37:55 Town Watch
38:43 Husbandry
38:55 Bloodlines
39:38 Town Patrol
40:04 Masonry
40:16 Ballistics
39:47 Guard Tower
39:56 Murder Holes
44:41 Imperial Age
43:42 Nomads
47:18 Conscription
46:29 Elite Mangudai
47:17 Elite Steppe Lancer
48:14 Forging
49:55 Iron Casting
49:26 Scale Barding Armor
49:31 Padded Archer Armor
49:22 Fletching
ME LENE GIORGO
5:22 Loom
24:56 Feudal Age
25:51 Man-at-Arms
27:37 Scale Mail Armor
27:48 Forging
28:22 Forging
34:51 Castle Age
33:42 Scale Barding Armor
33:28 Fletching
33:38 Padded Archer Armor
33:30 Double-Bit Axe
35:10 Wheelbarrow
36:02 Bow Saw
36:16 Chain Barding Armor
36:22 Horse Collar
37:29 Hand Cart
39:18 Husbandry
43:01 Heavy Plow
48:38 Imperial Age
李靖
Connection lost

Rejoining the realm…

Still unreachable

The connection could not be restored.

Session expired

The server has moved on; the page needs a fresh start.